 Dungeon Crawl Stone Soup version 0.31-a0-460-g9e667d4245 (webtiles) character file.

Game seed: 10519321124179828925

5240 Lorrdernie the Grappler (level 10, -3/88 HPs)
             Began as a Troll Berserker on Aug 5, 2023.
             Was an Elder of Trog.
             Succumbed to a cane toad's poison
             ... on level 1 of the Lair of Beasts.
             The game lasted 00:10:57 (6572 turns).

Lorrdernie the Grappler (Troll Berserker)           Turns: 6572, Time: 00:10:57

Health: -3/88      AC:  5    Str: 33    XL:     10   Next: 35%
Magic:  9/9        EV: 10    Int:  7    God:    Trog [****..]
Gold:   556        SH:  0    Dex:  9    Spells: 9/9 levels left

rFire   . .          .
                       - Unarmed
rCold   . . .        (no shield)
rNeg    . . .        a - +0 animal skin
rPois   .            (helmet restricted)
rElec   .            C - +0 cloak
rCorr   .            (gloves unavailable)
SInv    .            (boots unavailable)
Will    ++...        (no amulet)
Stlth   +            t - +4 ring of slaying
HPRegen 2.14/turn    v - +6 ring of strength
MPRegen 0.11/turn

%: no passive effects
@: lethally poisoned (-3 -> -17), strong-willed, on berserk cooldown,
regenerating, slowed, very slow
A: large, unfitting armour, claws 3, regeneration 1, shaggy fur 1, tough skin 1
a: Renounce Religion, Berserk, Trog's Hand, Brothers in Arms


You were on level 1 of the Lair of Beasts.
You worshipped Trog.
Trog was greatly pleased with you.
You visited 3 branches of the dungeon, and saw 10 of its levels.

You collected 556 gold pieces.

Inventory:

Missiles
 f - 9 poisoned darts
 p - 10 large rocks
 x - a curare-tipped dart
 y - 5 boomerangs (quivered)
Armour
 a - a +0 animal skin (worn)
 C - a +0 cloak (worn)
 D - a scarf of shadows
 G - a +1 robe of willpower
Jewellery
 t - a +4 ring of slaying (left claw)
 v - a +6 ring of strength (right claw)
Talismans
 m - a storm talisman
 E - a blade talisman
Wands
 h - a wand of mindburst (23)
 j - a wand of roots (7)
 u - a wand of acid (30)
Scrolls
 c - 2 scrolls of identify
 d - 6 scrolls of teleportation
 e - 3 scrolls of fear
 g - 2 scrolls of immolation
 l - 4 scrolls of fog
 q - a scroll of noise {unknown}
 A - a scroll of brand weapon {unknown}
 B - 2 scrolls of poison {unknown}
Potions
 b - a potion of enlightenment
 i - a potion of brilliance
 k - a potion of heal wounds
 n - a potion of attraction {unknown}
 o - a potion of invisibility
 r - 2 potions of curing
 s - 2 potions of degeneration {unknown}
 z - 2 potions of cancellation {unknown}
 F - a potion of might {unknown}
 H - a potion of resistance {unknown}
Miscellaneous
 w - a phantom mirror


   Skills:
 - Level 2.4 Fighting
 - Level 8.1 Throwing
 + Level 3.5 Dodging
 + Level 11.3 Unarmed Combat
 + Level 4.3 Shapeshifting


You had 9 spell levels left.
You didn't know any spells.
Your spell library was empty.

Dungeon Overview and Level Annotations

Branches:
Dungeon (8/15)             Temple (1/1) D:6            Lair (1/5) D:8

Altars:
Ashenzari
Dithmenos
Elyvilon
Fedhas
Gozag
Kikubaaqudgha
Makhleb
Nemelex Xobeh
Okawaru
Ru
Sif Muna
Trog
Uskayaw
Vehumet
Wu Jian
Xom
Yredelemnul
Zin
The Shining One

Annotations:
Lair:1 Gastronok


Innate Abilities, Weirdness & Mutations

You are too large for most types of armour.
You have claws for hands.
Your natural rate of healing is unusually fast.
You are covered in fur. (AC +1)
You have tough skin. (AC +1)


Message History

You are exhausted.
You feel yourself slow down.
You feel sick.
The yak bellows!
You mangle the yak!!
The yak is almost dead.
You feel very sick.
Your ogre barely misses the yak.
The yak gores you!
You mangle the yak!!
You kill the yak!
Trog accepts your kill.
You feel sick.
Your ogre rages.
The cane toad stings you!
You are more poisoned.
The cane toad poisons you!
Your ogre misses the cane toad. The yak gores your ogre!
Gastronok bites your ogre.
You claw the cane toad! Your claw misses the cane toad.
The cane toad is lightly wounded.
You feel extremely sick. The cane toad stings you!
Your ogre hits the yak with a +0 giant spiked club!
The yak gores your ogre! The cane toad stings you!!
* * * LOW HITPOINT WARNING * * *
You are too injured to fight recklessly!
You closely miss the cane toad.
The cane toad is lightly wounded.
You feel very sick.
Your ogre hits the yak with a +0 giant spiked club!!
The yak gores your ogre!
Your ogre dies!
Your ogre's corpse disappears in a puff of smoke!
The cane toad stings you!!
* * * LOW HITPOINT WARNING * * *
You are more poisoned.
The cane toad poisons you! Gastronok looks at you while chanting.
You resist with almost no effort.
You barely miss the cane toad.
The cane toad is lightly wounded.
You die...

....# ........##
.........##
..........##
...........##
............## ..
.............#...#
.....Y.§.†<.......
.....w†@.........#
.....YF.......#...
..............# #
..............#
..............#
..............#
......?.###.##..
......... .. ..


You could see Gastronok (swift), 2 yaks and a cane toad.

Vanquished Creatures
  2 komodo dragons (D:8)
  3 wyverns (D:8)
  A yak (Lair:1)
  A human (D:4)
  A steam dragon (D:8)
  Menkaure (D:7)
  4 water moccasins
  Duvessa (D:7)
  The ghost of wormstring the Ducker, an amateur FeCK of Xom (D:4)
  3 black bears
  An ice beast (D:6)
  A centaur (D:7)
  A phantom (D:5)
  2 ogres (D:5)
  2 kobold brigands
  Blork the orc (D:4)
  A bullfrog (D:8)
  4 scorpions
  A wyvern zombie (D:7)
  A water moccasin zombie (D:7)
  6 wights
  Dowan (D:7)
  The ghost of niangp the Trooper, a weakling MiBe of Trog (D:3)
  6 killer bees (D:8)
  An electric eel (D:8)
  6 howler monkeys
  A bullfrog zombie (D:7)
  4 quasits (D:8)
  2 centaur zombies (D:7)
  2 hounds
  A gnoll bouda (D:5)
  A jelly (D:4)
  A sleepcap (D:6)
  Crazy Yiuf (D:5)
  3 iguanas
  2 orc wizards
  A statue (D:5)
  A killer bee zombie (D:7)
  A howler monkey zombie (D:7)
  4 gnolls (D:5)
  9 adders
  5 shadow imps
  2 white imps
  6 ufetubi
  A worm (D:5)
  3 dart slugs
  6 orcs
  8 ball pythons
  3 endoplasms
  A giant cockroach (D:2)
  4 goblins
  5 hobgoblins
  10 jackals
  3 quokkas
  5 bats
  4 frilled lizards
  A goblin skeleton (D:4)
  A goblin zombie (D:4)
  14 kobolds
  5 rats
175 creatures vanquished.

Vanquished Creatures (collateral kills)
  A water moccasin (Lair:1)
1 creature vanquished.

Vanquished Creatures (others)
  A butterfly (D:8)
1 creature vanquished.

Grand Total: 177 creatures vanquished

Notes
Turn   | Place    | Note
-------+----------+-------------------------------------------
     0 | D:1      | Lorrdernie the Troll Berserker began the quest for the Orb.
     0 | D:1      | Reached XP level 1. HP: 22/22 MP: 0/0
    67 | D:1      | Reached XP level 2. HP: 29/29 MP: 1/1
   518 | D:1      | Reached skill level 4 in Unarmed Combat
   712 | D:2      | Reached XP level 3. HP: 36/36 MP: 2/2
   819 | D:2      | Reached ** piety under Trog
  1546 | D:3      | Reached XP level 4. HP: 34/44 MP: 3/3
  1665 | D:3      | Found an ancient bone altar of Kikubaaqudgha.
  1676 | D:3      | Found a runed translucent gate.
  1676 | D:3      | Found a runed translucent gate.
  1677 | D:3      | Found a runed translucent gate.
  1677 | D:3      | Noticed niangp's ghost (weakling MiBe)
  1691 | D:3      | Killed niangp's ghost
  1692 | D:3      | Reached skill level 5 in Unarmed Combat
  1787 | D:3      | Found a glowing silver altar of Zin.
  2313 | D:4      | Found a runed translucent door.
  2313 | D:4      | Noticed a human
  2318 | D:4      | Found a basalt altar of Yredelemnul.
  2331 | D:4      | Killed a human
  2332 | D:4      | Reached skill level 1 in Throwing
  2332 | D:4      | Reached skill level 6 in Unarmed Combat
  2332 | D:4      | Reached XP level 5. HP: 40/50 MP: 4/4
  2332 | D:4      | Reached XP level 6. HP: 47/59 MP: 5/5
  2421 | D:4      | Noticed Blork the orc
  2428 | D:4      | Killed Blork the orc
  2429 | D:4      | Reached skill level 7 in Unarmed Combat
  2785 | D:4      | Found a runed translucent door.
  2787 | D:4      | Noticed wormstring's ghost (amateur FeCK)
  2801 | D:4      | Killed wormstring's ghost
  2802 | D:4      | Reached XP level 7. HP: 44/66 MP: 6/6
  3041 | D:4      | Reached skill level 8 in Unarmed Combat
  3179 | D:4      | Reached *** piety under Trog
  3217 | D:4      | Reached XP level 8. HP: 67/74 MP: 7/7
  3347 | D:5      | Entered Level 5 of the Dungeon
  3428 | D:5      | Found a sacrificial altar of Ru.
  3452 | D:5      | Reached skill level 9 in Unarmed Combat
  3748 | D:5      | Found a runed translucent door.
  3749 | D:5      | Noticed Crazy Yiuf
  3820 | D:5      | Reached skill level 5 in Throwing
  3833 | D:5      | Found a radiant altar of Vehumet.
  4132 | D:5      | Killed Crazy Yiuf
  4133 | D:5      | Reached skill level 10 in Unarmed Combat
  4199 | D:6      | Found a shimmering altar of Xom.
  4259 | D:6      | Found a hide-covered altar of Uskayaw.
  4313 | D:6      | Found an iron altar of Okawaru.
  4325 | D:6      | Found a shimmering blue altar of Sif Muna.
  4333 | D:6      | Reached XP level 9. HP: 80/80 MP: 8/8
  4382 | D:6      | Reached **** piety under Trog
  4651 | D:6      | Found a staircase to the Ecumenical Temple.
  4787 | Temple   | Entered the Ecumenical Temple
  4815 | D:7      | Noticed Duvessa
  4815 | D:7      | Noticed Dowan
  4819 | D:7      | Killed Duvessa
  4825 | D:7      | Killed Dowan
  5088 | D:7      | Noticed Menkaure
  5092 | D:7      | Killed Menkaure
  5174 | D:7      | Reached skill level 1 in Shapeshifting
  5648 | D:8      | Found a sparkling altar of Nemelex Xobeh.
  5828 | D:8      | Found a white marble altar of Elyvilon.
  6001 | D:8      | Found a broken altar of Ashenzari.
  6127 | D:8      | Found a glowing golden altar of the Shining One.
  6276 | D:8      | Reached XP level 10. HP: 85/88 MP: 9/9
  6288 | D:8      | Reached skill level 11 in Unarmed Combat
  6362 | D:8      | Found a staircase to the Lair.
  6561 | Lair:1   | Entered Level 1 of the Lair of Beasts
  6561 | Lair:1   | Noticed Gastronok
  6565 | Lair:1   | Noticed a cane toad
  6571 | Lair:1   | HP: 2/88 [cane toad (20)]
  6572 | Lair:1   | Succumbed to a cane toad's poison

Illustrated notes

Levels and vault maps discovered:
D:1:      amcnicky_arrival_abandoned_market, layout_basic,
          minmay_stone_trees_large, lexackson_kobold_supper
D:2:      layout_loops_ring
D:3:      layout_loops_corners, mainiacjoe_overflow_alcove_1,
          nicolae_overflow_hidden_temple, ebering_ghost_rock_garden
D:4:      layout_cave_pods, dk_yredelemnul_ordeal, ebering_ghost_inner_flame,
          grunt_ministairs_14, chequers_serial_rivers_room_a,
          minmay_small_thing, uniq_blork_the_orc
D:5:      layout_basic, vehumet_statue, hangedman_ru_absence,
          uniq_crazy_yiuf_cottage
D:6:      layout_basic, mainiacjoe_overflow_boulevard,
          nicolae_uskayaw_murder_on_the_dancefloor,
          mainiacjoe_overflow_catch_the_wave, minmay_temple_entry_large_hall,
          minmay_misc_feat_doors
D:7:      layout_basic, serial_undead, serial_undead_d, serial_undead_c,
          serial_undead_a, serial_undead_d, uniq_menkaure, uniq_duvessa
D:8:      layout_rooms, nicolae_elyvilon_peaceful_grove,
          nemelex_xobeh_ov_fountains_minmay, nicolae_ashenzari_skybound,
          tso_oasis_becter, erik_lair_dragon, serial_demonic, serial_demonic_f,
          serial_demonic_a, serial_demonic_f, serial_demonic_e,
          serial_demonic_b, serial_demonic_d, serial_demonic_c, serial_demonic_e
Temple:   hellmonk_temple_rainy
Lair:1:   layout_chaotic_city, uniq_gastronok, uniq_sonja, uniq_nergalle,
          uniq_harold

Skill      XL: |  1  2  3  4  5  6  7  8  9 10 |
---------------+-------------------------------+-----
Unarmed Combat | 4 6 7 8 10 11 | 11.3
Throwing       | 1 2 4 6 8 |  8.1
Shapeshifting  | 3 4 |  4.3
Dodging        | 3 |  3.5
Fighting       | |  2.4

Action                     |  1- 3 |  4- 6 |  7- 9 | 10-12 || total
---------------------------+-------+-------+-------+-------++-------
  Melee: Unarmed           |   116 |    63 |   256 |    28 ||   463
         Punch             |     2 |     1 |     9 |     1 ||    13
  Throw: Boomerang         |       |       |     2 |       ||     2
 Invoke: Berserk           |       |     2 |     1 |     1 ||     4
         Trog's Hand       |       |       |       |     1 ||     1
         Brothers in Arms  |       |       |       |     1 ||     1
    Use: Scroll            |       |       |    11 |       ||    11
         Potion            |       |       |     1 |       ||     1
   Stab: Distracted        |       |       |     1 |       ||     1
 Armour: Animal skin       |    44 |    18 |    69 |     2 ||   133
  Dodge: Dodged            |    45 |    28 |   127 |     9 ||   209

Table legend: (Time is in decaauts)
 A = Elapsed time spent in this place.
 B = Non-inter-level travel time spent in this place.
 C = Inter-level travel time spent in this place.
 D = Time resting spent in this place.
 E = Time spent auto-exploring this place.
 F = Levels seen in this place.
 G = Mean time per level.
                   A        B        C        D        E       F      G
               +--------+--------+--------+--------+--------+-----+--------+
         Total |   6523 |   6122 |    401 |    464 |   4475 |  10 |  652.3 |
       Dungeon |   6511 |   6111 |    400 |    464 |   4475 |   8 |  813.9 |
        Temple |      1 |      1 |      0 |      0 |      0 |   1 |    1.0 |
          Lair |     10 |     10 |      0 |      0 |      0 |   1 |   10.0 |
               +--------+--------+--------+--------+--------+-----+--------+

Top non-repeatable levels by time:
     D:4: 1132 daAuts
     D:3: 945 daAuts
     D:8: 909 daAuts
     D:5: 833 daAuts
     D:7: 816 daAuts
     D:1: 648 daAuts
     D:6: 613 daAuts
     D:2: 611 daAuts
  Lair:1: 10 daAuts
  Temple: 1 daAuts
